[Event "ICC tourney 2246 (120 10)"]
[Site "Internet Chess Club"]
[Date "2020.12.27"]
[Round "3"]
[White "pvegesana"]
[Black "BArkadia"]
[Result "0-1"]
[ICCResult "White resigns"]
[WhiteElo "1227"]
[BlackElo "1043"]
[Opening "Giuoco Pianissimo: Italian four knights variation"]
[ECO "C55"]
[NIC "IG.01"]
[Time "12:01:34"]
[PlyCount "24"]
[TimeControl "7200+10"]

1. e4 e5 2. Nf3 Nc6 3. Bc4 Nf6 4. Nc3 Bc5 5. d3 h6 6. O-O O-O 7. Be3 d6 8.
d4 exd4 9. Nxd4 Ne5 10. Bb3 Nfg4 11. f3 Nxe3 12. Qe2 Nxf1 { White resigns }
0-1

[Event "ICC tourney 2246 (120 10)"]
[Site "Internet Chess Club"]
[Date "2020.12.27"]
[Round "3"]
[White "OS99"]
[Black "Karloschess"]
[Result "1-0"]
[ICCResult "Black checkmated"]
[WhiteElo "891"]
[BlackElo "478"]
[Opening "Ruy Lopez: 5.O-O"]
[ECO "C78"]
[NIC "RL.12"]
[Time "12:01:58"]
[PlyCount "57"]
[TimeControl "7200+10"]

1. e4 e5 2. Nf3 Nc6 3. Bb5 a6 4. Ba4 Nf6 5. O-O b5 6. Bb3 Bc5 7. a4 Rb8 8.
c3 d6 9. d4 Bb6 10. a5 Ba7 11. Be3 O-O 12. dxe5 Nxe5 13. Bxa7 Nxf3+ 14.
Qxf3 Ra8 15. Be3 h6 16. e5 dxe5 17. Qxa8 Nh5 18. Qf3 Nf4 19. Bxf4 exf4 20.
Qxf4 c6 21. Qf3 Qg5 22. Qxc6 Bh3 23. Kh1 Rc8 24. Qb7 Rc7 25. Qf3 Bg4 26.
Qa8+ Kh7 27. Qe4+ Kh8 28. Bc2 Re7 29. Qh7# { Black checkmated } 1-0

[Event "ICC tourney 2246 (120 10)"]
[Site "Internet Chess Club"]
[Date "2020.12.27"]
[Round "3"]
[White "MatthewDiao"]
[Black "charlesshen"]
[Result "0-1"]
[ICCResult "White checkmated"]
[WhiteElo "1178"]
[BlackElo "1125"]
[Opening "QGD: Grau (Sahovic) defense"]
[ECO "D06"]
[NIC "QP.08"]
[Time "12:01:30"]
[PlyCount "44"]
[TimeControl "7200+10"]

1. d4 d5 2. c4 Bf5 3. Nc3 e6 4. e3 Nc6 5. Nf3 Nb4 6. e4 dxe4 7. Ng5 e3 8.
Nge4 exf2+ 9. Kxf2 Nf6 10. Qa4+ c6 11. Nxf6+ Qxf6 12. Bf4 Qxd4+ 13. Be3 Qf6
14. Kg1 Nc2 15. Rc1 Nxe3 16. h3 Bc5 17. Kh2 Ng4+ 18. Kg3 Qe5+ 19. Kh4 Bf2+
20. g3 Bxg3+ 21. Kh5 Bg6+ 22. Kxg4 Qf4# { White checkmated } 0-1

[Event "ICC tourney 2246 (120 10)"]
[Site "Internet Chess Club"]
[Date "2020.12.27"]
[Round "3"]
[White "Deanmoon32"]
[Black "Shashank8"]
[Result "1-0"]
[ICCResult "Black resigns"]
[WhiteElo "974"]
[BlackElo "1188"]
[Opening "QGD Slav defense: exchange variation"]
[ECO "D10"]
[NIC "SL.01"]
[Time "12:01:40"]
[PlyCount "99"]
[TimeControl "7200+10"]

1. d4 d5 2. c4 c6 3. cxd5 cxd5 4. Nc3 Nf6 5. Bg5 h6 6. Bh4 a6 7. Bxf6 exf6
8. Nf3 Nc6 9. e3 Bg4 10. Be2 Bd6 11. h3 Bd7 12. O-O O-O 13. Rc1 f5 14. Nxd5
Be6 15. Nc3 Ne7 16. d5 Bd7 17. e4 fxe4 18. Nxe4 Bf5 19. Nxd6 Qxd6 20. Bd3
Bxd3 21. Qxd3 Qxd5 22. Qxd5 Nxd5 23. Rfd1 Rfd8 24. Rc5 Nf6 25. Rxd8+ Rxd8
26. Rc7 Rd7 27. Rxd7 Nxd7 28. Nd4 Nc5 29. b4 Nd3 30. a3 g6 31. Kf1 Kf8 32.
Ke2 Ne5 33. f4 Nc4 34. Nc2 Ke7 35. Kd3 Nb6 36. g4 Kd6 37. Ke4 Na4 38. f5
gxf5+ 39. Kxf5 Ke7 40. h4 Nc3 41. g5 hxg5 42. Kxg5 f6+ 43. Kg6 Ne4 44. h5
Nd6 45. h6 Nf7 46. Nd4 Ne5+ 47. Kg7 Nf7 48. h7 b6 49. Nf5+ Ke6 50. Nh6 {
Black resigns } 1-0

[Event "ICC tourney 2246 (120 10)"]
[Site "Internet Chess Club"]
[Date "2020.12.27"]
[Round "3"]
[White "avbhosale"]
[Black "Yadhunandan"]
[Result "0-1"]
[ICCResult "White checkmated"]
[WhiteElo "235"]
[BlackElo "891"]
[Opening "Philidor's defense"]
[ECO "C41"]
[NIC "KP.10"]
[Time "12:01:55"]
[PlyCount "126"]
[TimeControl "7200+10"]

1. e4 e5 2. Nf3 d6 3. Bc4 Bg4 4. h3 Bh5 5. Nc3 Nf6 6. d3 h6 7. Be3 Be7 8.
O-O O-O 9. Re1 Nc6 10. Nb5 a6 11. Nc3 b5 12. Bb3 Rb8 13. a3 Na5 14. Ba2 c5
15. b4 cxb4 16. axb4 Nc6 17. Bd5 Nxb4 18. Qb1 a5 19. Ra3 Nbxd5 20. exd5 b4
21. Rb3 bxc3 22. Rxb8 Qxb8 23. Qxb8 Rxb8 24. g4 Bg6 25. Ra1 Ra8 26. Bb6 a4
27. Ra3 e4 28. dxe4 Nxe4 29. Ne1 Nd2 30. Rxc3 a3 31. Bd4 a2 32. Re3 Bf6 33.
Bxf6 gxf6 34. Kg2 a1=Q 35. Nf3 Nxf3 36. Rxf3 Be4 37. Kg3 Bxf3 38. Kxf3 Qc3+
39. Kf4 Qe5+ 40. Kf3 Ra3+ 41. Kg2 Qg3+ 42. fxg3 Rc3 43. h4 Rxc2+ 44. Kf3
Rc5 45. Ke4 Kf8 46. Kf5 Rxd5+ 47. Kxf6 Rd3 48. g5 hxg5 49. hxg5 Rxg3 50.
Kf5 d5 51. Ke5 Rxg5+ 52. Kd4 Ke7 53. Kc5 f5 54. Kd4 f4 55. Kd3 f3 56. Ke3
Rf5 57. Kf2 d4 58. Ke1 f2+ 59. Kf1 d3 60. Kg2 f1=Q+ 61. Kg3 Rg5+ 62. Kh4
Qf4+ 63. Kh3 Qg3# { White checkmated } 0-1

[Event "ICC tourney 2246 (120 10)"]
[Site "Internet Chess Club"]
[Date "2020.12.27"]
[Round "3"]
[White "nikhilramkumar"]
[Black "Platocrates"]
[Result "1-0"]
[ICCResult "Black resigns"]
[WhiteElo "830"]
[BlackElo "1196"]
[Opening "Vienna game"]
[ECO "C26"]
[NIC "VG.02"]
[Time "12:01:36"]
[PlyCount "51"]
[TimeControl "7200+10"]

1. e4 e5 2. Bc4 Nf6 3. Nc3 d6 4. Nf3 h6 5. h3 Be6 6. Nd5 c6 7. Nxf6+ gxf6
8. Be2 d5 9. exd5 Bxd5 10. O-O Bd6 11. Re1 Nd7 12. d4 e4 13. Bf1 f5 14. b3
Qf6 15. c4 Be6 16. Nh2 O-O-O 17. Bb2 Rhg8 18. Rb1 Nb6 19. d5 Qg6 20. dxe6
Qxg2+ 21. Bxg2 Bxh2+ 22. Kxh2 Rxd1 23. Rexd1 fxe6 24. Bc1 e5 25. Bxh6 f4
26. Bxe4 { Black resigns } 1-0

[Event "ICC tourney 2246 (120 10)"]
[Site "Internet Chess Club"]
[Date "2020.12.27"]
[Round "3"]
[White "caracleliem2"]
[Black "king235"]
[Result "1-0"]
[ICCResult "Black checkmated"]
[WhiteElo "1152"]
[BlackElo "969"]
[Opening "Ruy Lopez: Möller defense"]
[ECO "C78"]
[NIC "RL.07"]
[Time "12:01:34"]
[PlyCount "115"]
[TimeControl "7200+10"]

1. e4 e5 2. Nf3 Nc6 3. Bb5 Nf6 4. O-O a6 5. Ba4 Bc5 6. Nxe5 Nxe5 7. d4 Nxe4
8. dxc5 Nxc5 9. Qd5 Qe7 10. Re1 c6 11. Qxe5 Qxe5 12. Rxe5+ Ne6 13. Nc3 O-O
14. Bd2 d6 15. Ree1 c5 16. Bb3 Nd4 17. Rad1 Bg4 18. f3 Bf5 19. Rc1 b5 20.
Bd5 Rab8 21. Be4 b4 22. Nd5 Be6 23. Bf4 Rfd8 24. Bg5 f6 25. Bh4 Kf7 26. b3
g5 27. Bf2 f5 28. Nxb4 Rxb4 29. c3 Rb6 30. cxd4 fxe4 31. dxc5 dxc5 32. fxe4
Rc8 33. Rxc5 Rxc5 34. Bxc5 Rc6 35. Rc1 Kf6 36. Bd4+ Ke7 37. Rxc6 Kd7 38.
Rxa6 Bg4 39. Kf2 Kc7 40. h3 Bd7 41. Ra7+ Kc6 42. Ke3 g4 43. hxg4 Bxg4 44.
Rxh7 Be6 45. Rh6 Kd7 46. Rxe6 Kxe6 47. a4 Kd6 48. a5 Kc6 49. g4 Kb5 50. g5
Kxa5 51. g6 Kb4 52. g7 Kxb3 53. g8=Q+ Kc2 54. Qc4+ Kb1 55. Qb3+ Kc1 56.
Bb2+ Kb1 57. Ba3+ Ka1 58. Qb2# { Black checkmated } 1-0

[Event "ICC tourney 2246 (120 10)"]
[Site "Internet Chess Club"]
[Date "2020.12.27"]
[Round "3"]
[White "oliver-kc"]
[Black "EChessPlayer"]
[Result "1-0"]
[ICCResult "Black checkmated"]
[WhiteElo "794"]
[BlackElo "1063"]
[Opening "QGD: 3...Nf6"]
[ECO "D35"]
[NIC "QO.16"]
[Time "12:02:09"]
[PlyCount "71"]
[TimeControl "7200+10"]

1. d4 d5 2. c4 e6 3. Nc3 Nf6 4. Qc2 Nc6 5. e3 Bb4 6. a3 Bd6 7. Nf3 O-O 8.
Bd3 e5 9. Nxd5 exd4 10. exd4 Re8+ 11. Be3 g6 12. O-O Ng4 13. Bg5 Qd7 14. h3
b6 15. hxg4 Qxg4 16. Nf6+ Kf8 17. Nxg4 Bxg4 18. Bh6+ Kg8 19. Rae1 Red8 20.
Qc3 Bf8 21. Bxf8 Rxf8 22. d5 Nd8 23. Re3 Bd7 24. Ne5 Bc8 25. Rg3 a6 26.
Bxg6 hxg6 27. Nxg6 fxg6 28. Rxg6+ Kf7 29. Qg7+ Ke8 30. Re1+ Ne6 31. Rgxe6+
Bxe6 32. Rxe6+ Kd8 33. Qxf8+ Kd7 34. Qxa8 c5 35. Qc6+ Kd8 36. Re8# { Black
checkmated } 1-0

[Event "ICC tourney 2246 (120 10)"]
[Site "Internet Chess Club"]
[Date "2020.12.27"]
[Round "3"]
[White "Bouchard140"]
[Black "Aakash28"]
[Result "1-0"]
[ICCResult "Black resigns"]
[WhiteElo "1250"]
[BlackElo "1067"]
[Opening "King's Indian: 5.Nf3"]
[ECO "E90"]
[NIC "KI.22"]
[Time "12:01:58"]
[PlyCount "59"]
[TimeControl "7200+10"]

1. d4 g6 2. c4 Bg7 3. Nc3 Nf6 4. e4 d6 5. Nf3 Bg4 6. h3 Bxf3 7. Qxf3 e5 8.
d5 O-O 9. Bd3 a6 10. Bg5 Nbd7 11. Qe3 c6 12. O-O Nc5 13. Bc2 Ncd7 14. Rfd1
cxd5 15. Nxd5 Qc8 16. Ne7+ Kh8 17. Nxc8 Raxc8 18. b3 b5 19. Rxd6 bxc4 20.
Bxf6 Nxf6 21. Rxa6 c3 22. Ra5 Nd7 23. Rc1 Rc7 24. Bd3 Rfc8 25. Bc4 Nf6 26.
Rxc3 Bf8 27. Rxe5 Kg7 28. Qe2 Bd6 29. Rb5 Rd7 30. e5 { Black resigns } 1-0

[Event "ICC tourney 2246 (120 10)"]
[Site "Internet Chess Club"]
[Date "2020.12.27"]
[Round "3"]
[White "IsaacCumes"]
[Black "Agabus"]
[Result "1-0"]
[ICCResult "Black resigns"]
[WhiteElo "962"]
[BlackElo "1145"]
[Opening "Scandinavian defense"]
[ECO "B01"]
[NIC "SD.03"]
[Time "12:02:10"]
[PlyCount "85"]
[TimeControl "7200+10"]

1. e4 d5 2. exd5 Nf6 3. Nc3 Nxd5 4. Nxd5 Qxd5 5. Nf3 Bg4 6. Be2 Nc6 7. O-O
Qd6 8. Re1 h5 9. h4 O-O-O 10. Ng5 Bxe2 11. Qxe2 Qg6 12. Qc4 e6 13. d3 f6
14. Nxe6 Re8 15. Bf4 Qf7 16. Nxc7 Rxe1+ 17. Rxe1 Qxc4 18. dxc4 Ne5 19. Ne6
Bb4 20. Re4 Rg8 21. Bxe5 fxe5 22. Rxe5 Re8 23. f4 g6 24. Ng7 Rxe5 25. fxe5
Kd8 26. Ne6+ Ke7 27. Nf4 Kf7 28. Kf2 Bd2 29. Kf3 Be1 30. e6+ Kf6 31. g4
Bxh4 32. gxh5 g5 33. e7 Kf7 34. Nd5 g4+ 35. Kxg4 Bxe7 36. Nxe7 Kxe7 37. Kg5
Kf7 38. h6 Kg8 39. Kg6 Kh8 40. h7 b5 41. cxb5 a6 42. b6 a5 43. b7 { Black
resigns } 1-0

[Event "ICC tourney 2246 (120 10)"]
[Site "Internet Chess Club"]
[Date "2020.12.27"]
[Round "3"]
[White "chessadpa"]
[Black "SMILERG"]
[Result "1/2-1/2"]
[ICCResult "Game drawn by mutual agreement"]
[WhiteElo "1132"]
[BlackElo "1247"]
[Opening "King's Indian: fianchetto, classical variation"]
[ECO "E67"]
[NIC "KI.65"]
[Time "12:01:46"]
[PlyCount "61"]
[TimeControl "7200+10"]

1. g3 Nf6 2. c4 d6 3. Nc3 g6 4. Bg2 Bg7 5. d4 O-O 6. Nf3 Nbd7 7. O-O e5 8.
Qd3 Qe7 9. e4 exd4 10. Nxd4 Ne5 11. Qe2 Be6 12. b3 Nfd7 13. f4 Ng4 14. Ndb5
c6 15. Nc7 Rac8 16. Nxe6 Qxe6 17. Bh3 Bxc3 18. f5 gxf5 19. Rxf5 Nde5 20.
Bxg4 Ng6 21. Bh6 Rfe8 22. Raf1 Qxe4 23. Qxe4 Rxe4 24. Bh5 Bd4+ 25. Kg2 f6
26. Bf3 Re6 27. Bg4 Re4 28. Bf3 Re7 29. Bg4 Rce8 30. Bh5 Re6 31. Bf3 { Game
drawn by mutual agreement } 1/2-1/2

[Event "ICC tourney 2246 (120 10)"]
[Site "Internet Chess Club"]
[Date "2020.12.27"]
[Round "3"]
[White "ryan2007"]
[Black "Zohranvalliani"]
[Result "1-0"]
[ICCResult "Black checkmated"]
[WhiteElo "1155"]
[BlackElo "973"]
[Opening "Sicilian: Kan, 5.Nc3"]
[ECO "B43"]
[NIC "SI.41"]
[Time "12:01:33"]
[PlyCount "85"]
[TimeControl "7200+10"]

1. e4 c5 2. Nf3 e6 3. d4 cxd4 4. Nxd4 a6 5. Nc3 Qc7 6. a3 Nc6 7. Be3 Nf6 8.
Bd3 d5 9. f3 b5 10. Nxc6 Qxc6 11. O-O Bd6 12. Bf2 O-O 13. Bd4 e5 14. exd5
Nxd5 15. Nxd5 Qxd5 16. Be4 Qxd4+ 17. Qxd4 exd4 18. Bxa8 Bc5 19. Kh1 Be6 20.
Be4 Bc4 21. Rfd1 Rd8 22. Bd3 Bd5 23. h3 g6 24. Rd2 Rb8 25. Be2 Bc4 26. Bxc4
bxc4 27. Ra2 Rc8 28. Rd1 Rd8 29. Kh2 d3 30. cxd3 cxd3 31. b4 Be3 32. Kg3 d2
33. f4 g5 34. fxg5 Bxg5 35. Kf2 Re8 36. Rc2 f5 37. Rc3 f4 38. Rxd2 f3 39.
Rd1 Re2+ 40. Kxf3 Ra2 41. Rd7 Bf6 42. Rc8+ Bd8 43. Rcxd8# { Black
checkmated } 1-0

[Event "ICC tourney 2246 (120 10)"]
[Site "Internet Chess Club"]
[Date "2020.12.27"]
[Round "3"]
[White "King230"]
[Black "joshebow"]
[Result "0-1"]
[ICCResult "White checkmated"]
[WhiteElo "1060"]
[BlackElo "673"]
[Opening "Sicilian defense"]
[ECO "B30"]
[NIC "SI.31"]
[Time "12:01:41"]
[PlyCount "70"]
[TimeControl "7200+10"]

1. e4 c5 2. Nf3 Nc6 3. c3 g6 4. d4 cxd4 5. cxd4 Bg7 6. d5 Ne5 7. Bf4 Nxf3+
8. Qxf3 Bxb2 9. Bc4 Bxa1 10. Bd2 Bg7 11. d6 e6 12. O-O Nf6 13. Bc3 O-O 14.
e5 Ne8 15. Nd2 Rb8 16. a4 b6 17. Qh3 f6 18. Nf3 Bb7 19. Be2 Rc8 20. Bd2 Rc2
21. Bd3 Rc5 22. Nh4 Rd5 23. Nxg6 Rxd3 24. Qxd3 hxg6 25. Qxg6 fxe5 26. Bh6
Rf6 27. Qg4 Rxh6 28. h3 Qf6 29. Re1 Rg6 30. Qe4 Bxe4 31. Rxe4 Nxd6 32. Re3
Qg5 33. Rg3 Qc1+ 34. Kh2 Rxg3 35. Kxg3 Qf4# { White checkmated } 0-1

[Event "ICC tourney 2246 (120 10)"]
[Site "Internet Chess Club"]
[Date "2020.12.27"]
[Round "3"]
[White "DanielHan"]
[Black "Aahilvalliani"]
[Result "0-1"]
[ICCResult "White checkmated"]
[WhiteElo "157"]
[BlackElo "813"]
[Opening "Sicilian: Marshall variation"]
[ECO "B41"]
[NIC "SI.43"]
[Time "12:01:36"]
[PlyCount "86"]
[TimeControl "7200+10"]

1. e4 c5 2. Nf3 e6 3. d4 d5 4. exd5 exd5 5. Bb5+ Bd7 6. Bxd7+ Nxd7 7. Nc3
Ngf6 8. O-O Be7 9. dxc5 Nxc5 10. Be3 O-O 11. Bg5 Nce4 12. Nxe4 dxe4 13.
Bxf6 Bxf6 14. Qxd8 Raxd8 15. Ne1 Rd2 16. a4 b6 17. Rb1 Rc8 18. b3 Bh4 19.
g3 Bf6 20. f3 Bd4+ 21. Kh1 f5 22. fxe4 fxe4 23. b4 Rf8 24. Rxf8+ Kxf8 25.
a5 Ke7 26. axb6 Bxb6 27. c3 e3 28. Nf3 Rf2 29. Ng1 e2 30. Nh3 Rf1+ 31. Ng1
Rxg1+ 32. Rxg1 Bxg1 33. Kxg1 e1=Q+ 34. Kg2 Qxc3 35. h3 Qxb4 36. Kh2 a5 37.
h4 a4 38. Kh3 a3 39. g4 Qc3+ 40. Kh2 a2 41. h5 a1=Q 42. g5 Qa2+ 43. Kh1
Qc1# { White checkmated } 0-1

[Event "ICC tourney 2246 (120 10)"]
[Site "Internet Chess Club"]
[Date "2020.12.27"]
[Round "3"]
[White "ltristam"]
[Black "DaveGriffin"]
[Result "1-0"]
[ICCResult "Black resigns"]
[WhiteElo "1297"]
[BlackElo "1124"]
[Opening "French: exchange variation"]
[ECO "C01"]
[NIC "FR.01"]
[Time "12:01:41"]
[PlyCount "65"]
[TimeControl "7200+10"]

1. e4 e6 2. d4 d5 3. exd5 exd5 4. c4 dxc4 5. Bxc4 Nf6 6. Nf3 Be7 7. Bf4 Bg4
8. Qb3 Bxf3 9. Bxf7+ Kf8 10. gxf3 Qxd4 11. Bxc7 Qb4+ 12. Nc3 Nc6 13. O-O-O
Rc8 14. Bg3 Na5 15. Qe6 Nc4 16. Rd2 Qc5 17. Qxc4 Qxc4 18. Bxc4 Rxc4 19. Re1
Kf7 20. Kb1 Rd8 21. Rxd8 Bxd8 22. Nb5 Ba5 23. Rd1 Kg6 24. Nxa7 Rc5 25. Rc1
Rf5 26. f4 Bd2 27. Rc4 Nd5 28. Nc8 Nxf4 29. Ne7+ Kg5 30. Nxf5 Kxf5 31. Bxf4
Bxf4 32. h3 Be5 33. Rb4 { Black resigns } 1-0

[Event "ICC tourney 2246 (120 10)"]
[Site "Internet Chess Club"]
[Date "2020.12.27"]
[Round "3"]
[White "thomasguchess"]
[Black "mohitmukkollu"]
[Result "0-1"]
[ICCResult "White checkmated"]
[WhiteElo "631"]
[BlackElo "1225"]
[Opening "Philidor: exchange variation"]
[ECO "C41"]
[NIC "KP.08"]
[Time "12:01:34"]
[PlyCount "86"]
[TimeControl "7200+10"]

1. e4 e5 2. Nf3 d6 3. d4 exd4 4. Nxd4 c5 5. Nf3 Nc6 6. Nc3 Nf6 7. Bb5 Be7
8. Bxc6+ bxc6 9. O-O O-O 10. Ng5 h6 11. Nh3 Bxh3 12. gxh3 Qd7 13. Qf3 Rfe8
14. Kh1 d5 15. Rg1 dxe4 16. Nxe4 Nxe4 17. Qxe4 Bf6 18. Qg2 h5 19. Bh6 g6
20. Raf1 Bxb2 21. f4 Bd4 22. Rd1 Qf5 23. Rgf1 Rac8 24. Rf3 Re6 25. Rg3 Rce8
26. Qf1 Bf6 27. Bg5 Bxg5 28. Rxg5 Qxc2 29. f5 Rf6 30. Rd3 Re5 31. Rxh5 gxh5
32. Qg1+ Kf8 33. Rg3 Qd2 34. Rg8+ Ke7 35. Rc8 Re1 36. Qxe1+ Qxe1+ 37. Kg2
Qe4+ 38. Kg1 Rxf5 39. Rxc6 Qxc6 40. h4 Qf3 41. h3 Qf2+ 42. Kh1 Re5 43. a4
Re1# { White checkmated } 0-1

[Event "ICC tourney 2246 (120 10)"]
[Site "Internet Chess Club"]
[Date "2020.12.27"]
[Round "3"]
[White "kitook"]
[Black "standingwriter"]
[Result "0-1"]
[ICCResult "White checkmated"]
[WhiteElo "426"]
[BlackElo "1050"]
[Opening "Petrov's defense"]
[ECO "C42"]
[NIC "RG.03"]
[Time "12:01:49"]
[PlyCount "38"]
[TimeControl "7200+10"]

1. e4 e5 2. Nf3 Nf6 3. Nxe5 Nc6 4. Nxc6 dxc6 5. Nc3 Bc5 6. Bc4 Ng4 7. Qf3
Ne5 8. Qe2 Qh4 9. O-O Ng4 10. h3 Ne5 11. d3 Bxh3 12. gxh3 Qg3+ 13. Kh1
Qxh3+ 14. Kg1 Nf3+ 15. Qxf3 Qxf3 16. Bd2 Bd6 17. Rae1 Qg4+ 18. Kh1 Qh3+ 19.
Kg1 Qh2# { White checkmated } 0-1

[Event "ICC tourney 2246 (120 10)"]
[Site "Internet Chess Club"]
[Date "2020.12.27"]
[Round "3"]
[White "baldwinsthename"]
[Black "leonlunachen"]
[Result "1-0"]
[ICCResult "Black resigns"]
[WhiteElo "1215"]
[BlackElo "749"]
[Opening "Queen's gambit declined"]
[ECO "D30"]
[NIC "QP.08"]
[Time "12:01:56"]
[PlyCount "65"]
[TimeControl "7200+10"]

1. d4 d5 2. c4 e6 3. e4 dxe4 4. Nc3 Nf6 5. f3 exf3 6. Qxf3 Bb4 7. Be3 Nc6
8. O-O-O Qe7 9. Nb5 a6 10. d5 axb5 11. dxc6 b6 12. Bxb6 cxb6 13. c7 Ra7 14.
Rd8+ Qxd8 15. cxd8=Q+ Kxd8 16. a3 Be7 17. Nh3 bxc4 18. Ng5 Rf8 19. Be2 h6
20. Rd1+ Bd7 21. Ne4 Ke8 22. Nd6+ Bxd6 23. Rxd6 Nd5 24. Qe4 Kd8 25. Qh7 Kc7
26. Qxg7 Re8 27. Qg3 Kd8 28. Bf3 Ne3 29. Rxb6 Nf5 30. Rb8+ Ke7 31. Qe5 f6
32. Rxe8+ Kxe8 33. Qb8+ { Black resigns } 1-0

[Event "ICC tourney 2246 (120 10)"]
[Site "Internet Chess Club"]
[Date "2020.12.27"]
[Round "3"]
[White "kushagra12"]
[Black "gauravgupta"]
[Result "0-1"]
[ICCResult "White checkmated"]
[WhiteElo "1108"]
[BlackElo "1164"]
[Opening "Sicilian: Hungarian variation"]
[ECO "B27"]
[NIC "SI.43"]
[Time "12:01:36"]
[PlyCount "100"]
[TimeControl "7200+10"]

1. e4 c5 2. Nf3 g6 3. d4 cxd4 4. Nxd4 Bg7 5. Bc4 Nc6 6. Nxc6 bxc6 7. O-O e6
8. Re1 Ne7 9. Nc3 O-O 10. Bd2 d5 11. exd5 cxd5 12. Bb3 Ba6 13. Bg5 Bxc3 14.
Bxe7 Qxe7 15. bxc3 Qc5 16. Qd4 Rfc8 17. Re3 Bc4 18. Qxc5 Rxc5 19. Bxc4 Rxc4
20. Rb1 Rac8 21. Rb3 d4 22. cxd4 Rxc2 23. g3 Rxa2 24. Rec3 Rxc3 25. Rxc3
Kf8 26. Rc8+ Ke7 27. Kg2 a5 28. Rc7+ Kf6 29. Kf3 h5 30. Ra7 g5 31. h4 g4+
32. Kg2 a4 33. Ra5 Kg6 34. Rg5+ Kh6 35. Ra5 a3 36. Ra4 Kg6 37. Ra5 Ra1 38.
Rg5+ Kh6 39. Ra5 a2 40. Ra3 Kg6 41. Ra5 f6 42. Rxa2 Rxa2 43. d5 exd5 44.
Kf1 Kf5 45. Ke1 Ke4 46. Kd1 Kd3 47. Kc1 Rxf2 48. Kb1 Kc3 49. Ka1 Kb3 50.
Kb1 Rf1# { White checkmated } 0-1

[Event "ICC tourney 2246 (120 10)"]
[Site "Internet Chess Club"]
[Date "2020.12.27"]
[Round "3"]
[White "mimzhang"]
[Black "falcon2020"]
[Result "0-1"]
[ICCResult "White checkmated"]
[WhiteElo "984"]
[BlackElo "1213"]
[Opening "Petrov three knights game"]
[ECO "C42"]
[NIC "RG.01"]
[Time "12:01:43"]
[PlyCount "72"]
[TimeControl "7200+10"]

1. e4 e5 2. Nf3 Nf6 3. Nc3 Bb4 4. a3 Bxc3 5. dxc3 Nxe4 6. Qe2 d5 7. Nd2 O-O
8. Nxe4 dxe4 9. Qxe4 f5 10. Bc4+ Kh8 11. Qe2 b6 12. O-O Nc6 13. Rd1 Qe7 14.
b3 f4 15. Bd5 Bb7 16. a4 Qf6 17. Ba3 Rfd8 18. b4 e4 19. Bxe4 Qxc3 20. Rxd8+
Rxd8 21. Ra2 Qd4 22. h3 Nxb4 23. Bxb4 Qxb4 24. Bxb7 Qb1+ 25. Kh2 Qxa2 26.
Qe7 Qg8 27. Qxc7 Qf8 28. g4 Qd6 29. Qf7 f3+ 30. Kg1 Qd1+ 31. Kh2 Qd6+ 32.
Kg1 Rf8 33. Qb3 Qd1+ 34. Kh2 Qe2 35. Qa3 Qxf2+ 36. Kh1 Qg2# { White
checkmated } 0-1

[Event "ICC tourney 2246 (120 10)"]
[Site "Internet Chess Club"]
[Date "2020.12.27"]
[Round "3"]
[White "ethanz1606"]
[Black "johnzabraham"]
[Result "0-1"]
[ICCResult "White checkmated"]
[WhiteElo "1164"]
[BlackElo "1120"]
[Opening "QGD semi-Slav"]
[ECO "D43"]
[NIC "SL.03"]
[Time "12:02:25"]
[PlyCount "70"]
[TimeControl "7200+10"]

1. d4 d5 2. c4 c6 3. Nf3 Nf6 4. Nc3 e6 5. Bg5 Be7 6. e3 O-O 7. Rc1 h6 8.
Bh4 Re8 9. cxd5 cxd5 10. Bg3 a6 11. Bd3 Nc6 12. O-O Bd6 13. Re1 Bxg3 14.
hxg3 Qd6 15. e4 dxe4 16. Bxe4 Bd7 17. Bxc6 Bxc6 18. Ne5 Rad8 19. Nxc6 bxc6
20. Qf3 Qxd4 21. Qxc6 Rd6 22. Qc7 Ng4 23. Re2 Red8 24. Qe7 g5 25. Qb7 Qc4
26. Qf3 f5 27. Ree1 Rd2 28. Nb1 Rc2 29. Rxc2 Qxc2 30. Qc3 Qxf2+ 31. Kh1 f4
32. gxf4 Qh4+ 33. Kg1 Qh2+ 34. Kf1 Qh1+ 35. Ke2 Qxg2# { White checkmated }
0-1

[Event "ICC tourney 2246 (120 10)"]
[Site "Internet Chess Club"]
[Date "2020.12.27"]
[Round "3"]
[White "Eleyn"]
[Black "varunprabhu"]
[Result "1-0"]
[ICCResult "Black checkmated"]
[WhiteElo "1053"]
[BlackElo "644"]
[Opening "Scotch game"]
[ECO "C45"]
[NIC "SO.04"]
[Time "12:01:49"]
[PlyCount "57"]
[TimeControl "7200+10"]

1. e4 e5 2. Nf3 Nc6 3. d4 exd4 4. Nxd4 Nxd4 5. Qxd4 Nf6 6. Bg5 Be7 7. Nc3
d6 8. Bc4 O-O 9. O-O c5 10. Qd3 Bd7 11. Bxf6 Bxf6 12. Qxd6 Be7 13. Qf4 Bg5
14. Qe5 Be7 15. Nd5 Re8 16. Nc7 Bf6 17. Qxc5 Rc8 18. Bxf7+ Kxf7 19. Qd5+
Be6 20. Nxe6 Rxe6 21. Qxb7+ Rc7 22. Qb4 Be7 23. Qb3 Qd6 24. Rad1 Qe5 25. f4
Qxe4 26. f5 Bc5+ 27. Kh1 Re7 28. fxe6+ Ke8 29. Qb8# { Black checkmated }
1-0

[Event "ICC tourney 2246 (120 10)"]
[Site "Internet Chess Club"]
[Date "2020.12.27"]
[Round "3"]
[White "sunnypatelsp"]
[Black "Ldon22"]
[Result "1-0"]
[ICCResult "Black checkmated"]
[WhiteElo "1163"]
[BlackElo "953"]
[Opening "Sicilian: Nimzovich-Rossolimo attack (with ...g6, without ...d6)"]
[ECO "B31"]
[NIC "SI.31"]
[Time "12:01:30"]
[PlyCount "67"]
[TimeControl "7200+10"]

1. e4 c5 2. Nf3 Nc6 3. Bb5 g6 4. O-O Bg7 5. Bxc6 bxc6 6. c4 Ba6 7. d3 d6 8.
Nc3 Nf6 9. a3 d5 10. exd5 cxd5 11. Qa4+ Qd7 12. Qxa6 O-O 13. Re1 d4 14. Ne4
Nxe4 15. Rxe4 Rab8 16. b4 Rb6 17. Qa5 f5 18. Re1 cxb4 19. Qd5+ Qxd5 20.
cxd5 bxa3 21. Bxa3 Rb3 22. Bxe7 Ra8 23. d6 Rb7 24. h3 Rc8 25. Ne5 Bxe5 26.
Rxe5 Rc3 27. Bf6 Rd7 28. Re7 Rxd6 29. Be5 Rd5 30. Raxa7 Rd8 31. Rxh7 Rd7
32. Rhxd7 Rc8 33. Rh7 Ra8 34. Rh8# { Black checkmated } 1-0

[Event "ICC tourney 2246 (120 10)"]
[Site "Internet Chess Club"]
[Date "2020.12.27"]
[Round "3"]
[White "nguyencaptures"]
[Black "PirateKing"]
[Result "1/2-1/2"]
[ICCResult "Game drawn by repetition"]
[WhiteElo "1124"]
[BlackElo "866"]
[Opening "Caro-Kann: exchange variation"]
[ECO "B13"]
[NIC "CK.02"]
[Time "12:01:38"]
[PlyCount "124"]
[TimeControl "7200+10"]

1. e4 c6 2. d4 d5 3. exd5 cxd5 4. Nc3 Nf6 5. Bd3 e6 6. Nf3 Bd6 7. O-O a6 8.
Re1 O-O 9. Bg5 Nbd7 10. Qd2 Be7 11. Ne5 h6 12. Bh4 Nh7 13. Nxd7 Bxd7 14.
Bxe7 Qxe7 15. Qe3 Ng5 16. Nxd5 Qd6 17. Nf4 Bc6 18. Qe5 Qd7 19. Nh5 f6 20.
Qe3 Qf7 21. Nf4 Rae8 22. Bg6 Qd7 23. Bxe8 Rxe8 24. d5 exd5 25. Qxe8+ Qxe8
26. Rxe8+ Bxe8 27. Nxd5 Bc6 28. Ne7+ Kf7 29. Nxc6 bxc6 30. Rd1 c5 31. Rd5
Ne6 32. Rd7+ Kg6 33. Ra7 Nd4 34. Kf1 Nxc2 35. Rxa6 Nb4 36. Ra5 c4 37. Ke2
Nd3 38. Ra4 Nxb2 39. Rb4 c3 40. a4 c2 41. Kd2 c1=Q+ 42. Kxc1 Nd3+ 43. Kd2
Nxb4 44. a5 Na6 45. Kd3 Kf5 46. Ke3 Ke5 47. f4+ Kd5 48. g4 g6 49. h4 Ke6
50. Kd4 Kd6 51. Kc4 f5 52. g5 h5 53. Kb5 Nc7+ 54. Kb6 Kd7 55. Kb7 Kd6 56.
Kb8 Kd7 57. Kb7 Kd8 58. Kb8 Na6+ 59. Kb7 Nc7 60. Kb8 Kd7 61. Kb7 Kd8 62.
Kb8 Kd7 { Game drawn by repetition } 1/2-1/2